 Dungeon Crawl Stone Soup version 0.19.0-19-g8c6edcc (webtiles) character file.

174 Jannitor the Sneak (level 5, -4/33 HPs)
             Began as a Kobold Assassin on Nov 14, 2016.
             Killed from afar by an orc wizard (6 damage)
             ... with a magic dart
             ... on level 2 of the Dungeon.
             The game lasted 00:06:17 (3733 turns).

Jannitor the Sneak (Kobold Assassin)                Turns: 3733, Time: 00:06:18

Health: -4/33      AC:  5    Str:  8 (9)  XL:     5   Next: 84%
Magic:  5/5        EV: 16    Int:  9 (12) God:
Gold:   162        SH:  0    Dex: 15 (17) Spells: 0 memorised, 4 levels left

rFire  . . .     SeeInvis .     a - +2 dagger
rCold  . . .     Gourm    .     c - +0 robe
rNeg   . . .     Faith    +     (shield restricted)
rPois  .         Spirit   .     j - +1 helmet
rElec  .         Reflect  .     d - +0 cloak
rCorr  .         Harm     .     (no gloves)
MR     .....                    (no boots)
Stlth  +.........               o - amulet of faith
                                (no ring)
                                (no ring)

@: confused
A: carnivore 3
a: no special abilities


You were on level 2 of the Dungeon.
You were very hungry.

You visited 1 branch of the dungeon, and saw 3 of its levels.

You collected 162 gold pieces.

Inventory:

Hand Weapons
 a - a +2 dagger (weapon)
 b - a +0 blowgun
Missiles
 e - 16 poisoned needles
 f - 2 curare-tipped needles
Armour
 c - a +0 robe (worn)
 d - a +0 cloak (worn)
 h - a +2 shield
 j - a +1 helmet (worn)
Jewellery
 o - an amulet of faith (around neck)
Scrolls
 k - 4 scrolls of teleportation {unknown}
 l - 2 scrolls of fog {unknown}
 m - 2 scrolls of remove curse {unknown}
 r - a scroll of random uselessness {unknown}
 s - a scroll of amnesia {unknown}
 t - a scroll of identify {unknown}
 u - a scroll of blinking {unknown}
 v - a scroll of enchant weapon {unknown}
Potions
 n - a potion of curing {unknown}
 p - a potion of degeneration
Comestibles
 g - 2 meat rations
 i - 2 beef jerkies


   Skills:
 + Level 4.1 Fighting
 + Level 3.9 Short Blades
 - Level 2.1 Throwing
 + Level 3.1 Dodging
 + Level 6.3 Stealth


You had 4 spell levels left.
You didn't know any spells.

Dungeon Overview and Level Annotations

Branches:
Dungeon (3/15)

Altars:


Innate Abilities, Weirdness & Mutations

You are small and have problems with some larger weapons.
You are carnivorous and can eat meat at any time.


Message History

You feel less confused. Something barely misses you.
You miss something. Something hits you but does no damage.
You barely miss something.
You hear some strange, mumbled words.
A magic dart appears from out of thin air!
The magic dart hits you!
* * * LOW HITPOINT WARNING * * *
You barely miss something.
You hear some strange, mumbled words.
You are confused.
You hit something. You closely miss something. Something hits you.
* * * LOW HITPOINT WARNING * * *
You bump into the rock wall.
Something hits you but does no damage.
You bump into the rock wall.
You hear some strange, mumbled words.
A magic dart appears from out of thin air!
The magic dart hits you!
You die...

†######.###.)....#
#.##.# .# #.# ######.#
#.##.# .# #.# #.#
#.##.# .# #.# #.#
#.##.# ##
#.########.####.##.#
#.##....g.......##.###
#.##.#####.###....#..#
#.##.# #.# #.###.#.#
#.##.# #@# #.# #†#.#
#.##.#####{# #.# #)#.#
#........#)# #.# #.#.#
####.###.#.###.###.#†#
#.###...........#.#
#......>....#####.#
######..##### #.# #.##
#.# ##########.# #.#


There were no monsters in sight!

Vanquished Creatures
  2 orc priests
  4 adders
  An adder zombie (D:3)
  4 worms
  A leopard gecko (D:1)
  3 orcs
  4 bats
  3 giant cockroaches
  4 goblins
  6 hobgoblins
  5 jackals (D:3)
  7 kobolds
  3 quokkas (D:2)
  A ball python (D:2)
  9 frilled lizards
  A giant cockroach zombie (D:3)
  A leopard gecko skeleton (D:3)
  A quokka zombie (D:3)
  6 rats
66 creatures vanquished.

Vanquished Creatures (others)
  An orc (D:3)
1 creature vanquished.

Grand Total: 67 creatures vanquished

Notes
Turn   | Place    | Note
-------+----------+-------------------------------------------
     0 | D:1      | Jannitor the Kobold Assassin began the quest for the Orb.
     0 | D:1      | Reached XP level 1. HP: 12/12 MP: 1/1
   134 | D:1      | Reached XP level 2. HP: 18/18 MP: 2/2
   813 | D:1      | Reached XP level 3. HP: 16/22 MP: 3/3
  1339 | D:2      | Reached XP level 4. HP: 28/28 MP: 4/4
  2020 | D:3      | Reached skill level 6 in Stealth
  2555 | D:3      | Reached XP level 5. HP: 33/33 MP: 5/5
  2624 | D:3      | HP: 1/33 [something/magic dart (5)]
  3328 | D:3      | HP: 1/33 [something/magic dart (8)]
  3349 | D:3      | HP: 1/33 [jackal (2)]
  3733 | D:2      | Killed from afar by an orc wizard

Skill      XL: |  1  2  3  4  5 |
---------------+----------------+-----
Short Blades   | 3 |  3.9
Dodging        | 2 3 |  3.1
Fighting       | 3 4 |  4.1
Stealth        | 6 |  6.3
Throwing       | |  2.1

Action                   |  1- 3 |  4- 6 || total
-------------------------+-------+-------++-------
Melee: Dagger            |    72 |   268 ||   340
  Use: Potion            |       |     4 ||     4
 Stab: Sleeping          |    11 |     6 ||    17
       Invisible         |       |     2 ||     2
  Eat: Chunk             |     2 |     6 ||     8
Armor: Robe              |    20 |    60 ||    80
Dodge: Dodged            |    36 |   149 ||   185
